 Dungeon Crawl Stone Soup version 0.32-a0-643-ga006e7742e (webtiles) character file.

Game seed: 6912059535839524745

8615 ytrimaz the Skirmisher (level 11, -5/94 (99) HPs)
             Began as a Coglin Hunter on Mar 8, 2024.
             Was an Elder of Cheibriados.
             Slain by a vampire (8 damage)
             ... on level 10 of the Dungeon.
             The game lasted 00:17:38 (10715 turns).

ytrimaz the Skirmisher (Coglin Hunter)             Turns: 10715, Time: 00:17:39

HP:   -5/94 (99)    AC: 12    Str: 29    XL:     11   Next: 33%
MP:   14/14         EV:  8    Int: 17    God:    Cheibriados [****..]
Gold: 272           SH:  0    Dex: 30    Spells: 7/10 levels left

rFire   + . .        a - +3 sling {Francisca}
rCold   + . .        d - +0 sling {Conrad}
rNeg    . . .        q - +0 plate armour
rPois   .            (no helmet)
rElec   .            p - scarf {rC+ rF+}
rCorr   .            (no gloves)
SInv    .            i - +1 pair of boots
Will    .....        (amulet unavailable) Stlth
                     (ring unavailable)
HPRegen 0.35/turn    (ring unavailable)
MPRegen 0.14/turn    (no gizmo)

%: no passive effects
@: drained, very slow
A: off-hand wielding, slow wielding, warmup strikes, no jewellery, robust 1,
strong 2
a: Invent Gizmo, Renounce Religion, Bend Time, Temporal Distortion, Slouch


You were on level 10 of the Dungeon.
You worshipped Cheibriados.
Cheibriados was greatly pleased with you.
You visited 2 branches of the dungeon, and saw 11 of its levels.

You collected 513 gold pieces.
You spent 241 gold pieces at shops.


Innate Abilities, Weirdness & Mutations

You can wield a second weapon in your off-hand.
It takes a long time for you to wield or remove held weapons.
Your first few attacks do less damage.
You cannot equip rings or amulets.
You are robust. (+10% HP)
Your muscles are very strong. (Str +8, Int/Dex -2)


   Skills:
 - Level 10.0 Fighting
 + Level 11.7 Ranged Weapons
 + Level 1.6 Armour
 - Level 1.7 Dodging
 - Level 5.0 Stealth
 + Level 4.0 Invocations


You had 7 spell levels left.
You knew the following spells:

 Your Spells              Type           Power      Damage    Failure   Level
a - Fugue of the Fallen   Necr           0%         N/A       100%        3

Your spell library contained the following spells:

 Spells                   Type           Power      Damage    Failure   Level
 Apportation              Tloc           0%         N/A       96%         1
 Necrotise                Necr           0%         1d4       96%         1
 Sting                    Conj/Alch      0%         1d3       96%         1
 Summon Small Mammal      Summ           0%         N/A       96%         1
 Cigotuvi's Dreadful Rot  Necr/Alch/Air  0%         N/A       99%         2
 Call Canine Familiar     Summ           0%         N/A       100%        3
 Gell's Gravitas          Tloc           0%         N/A       100%        3
 Ozocubu's Armour         Ice            0%         N/A       100%        3
 Teleport Other           Tloc           0%         N/A       100%        3
 Animate Armour           Summ/Erth      0%         N/A       100%        4
 Dispel Undead            Necr           0%         3d6       100%        4
 Manifold Assault         Tloc           0%         N/A       100%        4
 Martyr's Knell           Necr/Summ      0%         N/A       100%        4
 Summon Blazeheart Golem  Fire/Summ      0%         N/A       100%        4
 Summon Lightning Spire   Summ/Air       0%         N/A       100%        4
 Lee's Rapid Deconstruct  Erth           0%         3d4*      100%        5
 Death Channel            Necr           0%         N/A       100%        6
 Dispersal                Tloc           0%         N/A       100%        6

Inventory:

Hand Weapons
 a - a +3 sling (weapon) {Francisca}
 d - a +0 sling (offhand) {Conrad}
Missiles
 s - 3 throwing nets
Armour
 c - a +0 leather armour
 i - a +1 pair of boots (worn)
   (You found it on level 3 of the Dungeon)
 o - +0 steam dragon scales
   (You found it on level 8 of the Dungeon)
 p - a scarf of resistance (worn)
   (You found it on level 5 of the Dungeon)
 q - a +0 plate armour (worn)
   (You took it off an orc warrior on level 9 of the Dungeon)
 y - a +0 troll leather armour
   (You found it on level 9 of the Dungeon)
Wands
 l - a wand of quicksilver (2)
   (You found it on level 3 of the Dungeon)
 t - a wand of flame (20)
   (You took it off a gnoll on level 7 of the Dungeon)
 u - a wand of paralysis (1)
   (You found it on level 7 of the Dungeon)
 v - a wand of mindburst (33)
   (You found it on level 7 of the Dungeon)
Scrolls
 g - 2 scrolls of teleportation
 h - 2 scrolls of amnesia
 j - a scroll of enchant armour
 k - 3 scrolls of fog
 m - 4 scrolls of enchant weapon
 r - a scroll of torment
 w - 3 scrolls of immolation
 C - a scroll of brand weapon {unknown}
Potions
 e - 2 potions of might
 f - 3 potions of mutation
 n - 2 potions of brilliance
 x - a potion of curing
 z - a potion of ambrosia
 A - a potion of cancellation
 B - a potion of invisibility

Dungeon Overview and Level Annotations

Branches:
Dungeon (10/15) Zot: 39716  Temple (1/1) D:4 Zot: 8919    Lair (0/5) D:8
    Orc (0/2) D:9

Altars:
Ashenzari
Cheibriados
Dithmenos
Elyvilon
Fedhas
Gozag
Hepliaklqana
Kikubaaqudgha
Makhleb
Nemelex Xobeh
Okawaru
Qazlal
Ru
Sif Muna
Trog
Uskayaw
Vehumet
Wu Jian
Xom
Yredelemnul
Zin
The Shining One

Shops:
D:1 (:((   D:3 (*   D:4 ?   D:9 *

Annotations:
D:1 2 runed translucent doors

########################
........................
........................
..................######
............#####.#
............# #.#
......{.....# #.#
.......@....# #.#
....#+#####.#####.# ...
#.......######
#.............
#.............
#.............
#.......####'#
#.......#.....
#.......#.....


There were no monsters in sight!


Message History

You shoot a sling bullet. x2
You hear some strange, mumbled words.
You are more confused.
Unknown command.
Non-targeted confused fire: a) +3 sling {Francisca}
Press: ? - help, Q - select action, (/) - cycle Dir - look around, f - activate You shoot a sling bullet. x2
Unknown command.
Non-targeted confused fire: a) +3 sling {Francisca}
Press: ? - help, Q - select action, (/) - cycle Dir - look around, f - activate You shoot a sling bullet. x2
Unknown command.
You bump into the rock wall.
Something hits you but does no damage. Something bites you but does no damage.
You clumsily bash something but do no damage. x2
Something hits you. Something bites you.
Something draws strength from your injuries!
You hear some strange, mumbled words.
Something tries to affect you, but you resist. 😕 HP[-11]
You take 11 damage, and now have 83/94 hp.
You closely miss something with your +0 sling.
You clumsily bash something but do no damage.
Something hits you but does no damage.
Something bites you but does no damage. 😕 HP[+1] Unknown command.
You barely miss something with your +0 sling.
You closely miss something with your +3 sling.
Something hits you. Something bites you.
Something draws strength from your injuries!
Something hits you but does no damage.
Something bites you but does no damage. 😕 HP[-4]
You take 4 damage, and now have 80/94 hp.
You're too confused to move!
You feel less confused. Something hits you.
Something bites you but does no damage.
You shoot a sling bullet. x2; Something hits you but does no damage.
Something bites you but does no damage.
You shoot a sling bullet. x2; Something hits you!
Something bites you.
Something draws strength from your injuries!
Unknown command. 😕 HP[-8]
You take 8 damage, and now have 72/94 hp.
You shoot a sling bullet. x2; Something hits you!
Something bites you.
Something draws strength from your injuries!
Something hits you!
* * * LOW HITPOINT WARNING * * *
Something bites you.
* * * LOW HITPOINT WARNING * * *
Something draws strength from your injuries! 😨 HP[-32]
You take 32 damage, and now have 40/94 hp.
MASSIVE DAMAGE!! (PAUSE)
You shoot a sling bullet. x2; Something hits you.
* * * LOW HITPOINT WARNING * * *
Something bites you!
* * * LOW HITPOINT WARNING * * *
Something draws strength from your injuries! 😨 HP[-11]
You take 11 damage, and now have 29/94 hp.
You shoot a sling bullet. x2; Something hits you but does no damage.
Something bites you.
* * * LOW HITPOINT WARNING * * *
Something draws strength from your injuries!
Unknown command. 😨 HP[-5]
You take 5 damage, and now have 24/94 hp.
Unknown command.
Fire: a) +3 sling {Francisca}
Press: ? - help, Q - select action, (/) - cycle Shift-Dir - straight line, f - you That would be overly suicidal.
Okay, then.
Unknown command.
Unknown command.
Fire: a) +3 sling {Francisca}
Press: ? - help, Q - select action, (/) - cycle Shift-Dir - straight line You shoot a sling bullet. x2
Something hits you but does no damage. Something bites you but does no damage.
Unknown command.
Unknown command.
Fire: a) +3 sling {Francisca}
Press: ? - help, Q - select action, (/) - cycle Shift-Dir - straight line You shoot a sling bullet. x2
Something hits you!
* * * LOW HITPOINT WARNING * * *
Something bites you but does no damage. 😱 HP[-8]
You take 8 damage, and now have 16/94 hp.
Unknown command.
Fire: a) +3 sling {Francisca}
Press: ? - help, Q - select action, (/) - cycle Shift-Dir - straight line You shoot a sling bullet. x2
Something hits you!
* * * LOW HITPOINT WARNING * * *
Something bites you.
* * * LOW HITPOINT WARNING * * *
Something draws strength from your injuries!
Something hits you!
You die...
Cheibriados appreciates the motionlessness of death.

Skill      XL: |  1  2  3  4  5  6  7  8  9 10 11 |
---------------+----------------------------------+-----
Stealth        | 1 2 3 4 5 |  5.0
Ranged Weapons | 4 5 7 9 11 | 11.7
Fighting       | 3 4 5 7 9 10 | 10.0
Invocations    | 2 4 |  4.0
Armour         | 1 |  1.6
Dodging        | |  1.7

Action                     |  1- 3 |  4- 6 |  7- 9 | 10-12 || total
---------------------------+-------+-------+-------+-------++-------
  Melee: Sling             |       |       |    32 |     8 ||    40
   Fire: Sling             |   152 |   202 |   648 |   552 ||  1554
 Invoke: Bend Time         |       |       |       |     2 ||     2
  Evoke: Wand              |       |     2 |     4 |     8 ||    14
    Use: Scroll            |     4 |     5 |     2 |     6 ||    17
         Potion            |     1 |     2 |     5 |     2 ||    10
 Armour: Leather armour    |     7 |    45 |   135 |     9 ||   196
         Steam dragon scal |       |       |       |    51 ||    51
         Troll leather arm |       |       |       |    27 ||    27
         Plate armour      |       |       |       |    76 ||    76
  Dodge: Dodged            |    10 |    24 |    97 |   109 ||   240

Levels and vault maps discovered:
D:1:      erik_arrival_cave_to_civilisation [erik_arrival_cave_to_temple],
          layout_rooms, serial_shops, shop, shop, nicolae_square_shop, shop
D:2:      layout_rooms, kennysheep_cross_bottleneck, minmay_split_cup_small
D:3:      layout_basic, ebering_ecumenical_altar_box, serial_shops, shop, shop,
          st_stairs_4, uniq_natasha
D:4:      layout_basic, nicolae_dithmenos_through_a_glass_darkly,
          minmay_temple_entry_glassed_door, enter_ossuary_4, serial_shops, shop,
          hangedman_decor_points, minmay_misc_feat_room, minmay_misc_feat_tower
D:5:      layout_rooms, good_gods_mini_temple, general_overflow_altar,
          grunt_gozag_breadcrumbs
D:6:      layout_basic, serial_park_tiny_1, uniq_pikel
D:7:      layout_basic, old_standard_altar
D:8:      layout_basic, overflow_temple_1_default,
          gammafunk_temple_overflow_claw, due_lair_maze_entry_diamond
D:9:      layout_loops_ring, minmay_overflow_temple_star_quad, erik_orc_3,
          serial_shops, nicolae_square_shop, serial_bayou, serial_bayou_shore_a,
          serial_bayou_lake_a, serial_bayou_pond_a, serial_bayou_lagoon_a,
          minmay_strange_pillars
D:10:     layout_irregular_city, nicolae_shop_clearance, uniq_psyche
Temple:   nicolae_temple_colour_theory

Notes
Turn   | Place    | Note
-------+----------+-------------------------------------------
     0 | D:1      | ytrimaz the Coglin Hunter began the quest for the Orb.
     0 | D:1      | Reached XP level 1. HP: 16/16 MP: 1/1
     0 | D:1      | magus.rc [v1.9.6]
    31 | D:1      | Reached skill level 1 in Stealth
    43 | D:1      | Reached XP level 2. HP: 22/22 MP: 2/2
    47 | D:1      | Found a large runed translucent door.
    47 | D:1      | Found a large runed translucent door.
   125 | D:1      | Found Qerin's Book Shoppe.
   307 | D:1      | Gained mutation: You are robust. (+10% HP) [potion of
                  | mutation]
   307 | D:1      | Gained mutation: Your muscles are strong. (Str +4, Int/Dex
                  | -1) [potion of mutation]
   307 | D:1      | Gained mutation: Your muscles are very strong. (Str +8,
                  | Int/Dex -2) [potion of mutation]
   314 | D:1      | Found Cowyllapt's Weapon Boutique.
   367 | D:1      | Found Faluug's Weapon Boutique.
   369 | D:1      | Found Esios's Weapon Emporium.
   376 | D:1      | Reached XP level 3. HP: 30/30 MP: 3/3
   752 | D:2      | Reached skill level 4 in Ranged Weapons
   834 | D:2      | You pick up a book of Cantrips and begin reading...
   834 | D:2      | You add the spells Sting, Necrotise, Summon Small Mammal
                  | and Apportation to your library.
  1031 | D:2      | HP: 1/30 [spore (29)]
  1032 | D:2      | Reached XP level 4. HP: 1/37 MP: 4/4
  1034 | D:2      | Reached skill level 3 in Fighting
  1034 | D:2      | Reached skill level 2 in Stealth
  1465 | D:3      | You pick up a book of Battle and begin reading...
  1465 | D:3      | You add the spells Fugue of the Fallen, Ozocubu's Armour
                  | and Manifold Assault to your library.
  1550 | D:3      | Found Xiahoipt's Assorted Antiques.
  1558 | D:3      | Bought a murky silvery potion for 25 gold pieces
  1558 | D:3      | Bought a scroll labelled FAARUI NOLU for 28 gold pieces
  1558 | D:3      | Bought a scroll labelled WELYEG JABO for 28 gold pieces
  1558 | D:3      | Bought a scroll labelled KUGOPA LIYJ for 28 gold pieces
  1681 | D:3      | Noticed Natasha
  1686 | D:3      | Killed Natasha
  1797 | D:3      | Found Tyathull's Weapon Shop.
  1819 | D:3      | Found a faded altar of an unknown god.
  1826 | D:3      | You add the spells Gell's Gravitas, Teleport Other and
                  | Dispersal to your library.
  1873 | D:3      | Noticed Natasha
  1879 | D:3      | Killed Natasha
  1880 | D:3      | Reached XP level 5. HP: 35/45 MP: 5/5
  2025 | D:3      | Noticed a black bear
  2032 | D:3      | Killed a black bear
  2033 | D:3      | Reached XP level 6. HP: 31/52 MP: 6/6
  2290 | D:4      | Reached skill level 4 in Fighting
  2290 | D:4      | Reached skill level 3 in Stealth
  2345 | D:4      | Reached skill level 5 in Ranged Weapons
  2637 | D:4      | Found a staircase to the Ecumenical Temple.
  2664 | D:4      | Reached XP level 7. HP: 19/60 MP: 7/7
  2664 | D:4      | HP: 15/60 [poisoned by a scorpion]
  2669 | D:4      | HP: 12/90 [poisoned by a scorpion]
  2674 | D:4      | HP: 9/90 [poisoned by a scorpion]
  2954 | D:4      | Found Hitwegg's Magic Scroll Emporium.
  3070 | D:4      | Found a shadowy altar of Dithmenos.
  3199 | D:4      | You pick up a book of Decay and begin reading...
  3199 | D:4      | You add the spells Cigotuvi's Dreadful Rot, Dispel Undead,
                  | Martyr's Knell and Death Channel to your library.
  3290 | Temple   | Entered the Ecumenical Temple
  3337 | Temple   | Became a worshipper of Cheibriados the Contemplative
  3380 | D:5      | Entered Level 5 of the Dungeon
  3518 | D:5      | Identified the +7 long sword of Rumeb {freeze, +Blink
                  | rPois}
  3545 | D:5      | Reached skill level 5 in Fighting
  3545 | D:5      | Reached skill level 4 in Stealth
  3553 | D:5      | You pick up a book of Iron and begin reading...
  3553 | D:5      | You add the spells Summon Lightning Spire, Animate Armour
                  | and Lee's Rapid Deconstruction to your library.
  3557 | D:5      | Found an opulent altar of Gozag.
  3624 | D:5      | Reached * piety under Cheibriados
  3631 | D:5      | Reached XP level 8. HP: 34/69 MP: 8/8
  3978 | D:5      | Found a glowing silver altar of Zin.
  3978 | D:5      | Found a white marble altar of Elyvilon.
  3978 | D:5      | Found a glowing golden altar of the Shining One.
  4030 | D:5      | Reached skill level 6 in Ranged Weapons
  4073 | D:5      | Found a basalt altar of Yredelemnul.
  4424 | D:6      | Learned a level 3 spell: Fugue of the Fallen
  4482 | D:6      | Reached skill level 5 in Stealth
  4630 | D:6      | Identified the +1 war axe of Terror {freeze, *Slow rC+
                  | Int+4 Stlth-}
  4667 | D:6      | Reached skill level 6 in Fighting
  4843 | D:6      | Noticed Pikel
  4858 | D:6      | Killed Pikel
  4859 | D:6      | Reached skill level 7 in Fighting
  4859 | D:6      | Reached skill level 7 in Ranged Weapons
  5210 | D:6      | Reached XP level 9. HP: 79/79 MP: 9/9
  5787 | D:7      | Reached ** piety under Cheibriados
  5967 | D:7      | Reached skill level 8 in Fighting
  6064 | D:7      | Found a sacrificial altar of Ru.
  6140 | D:7      | Reached skill level 8 in Ranged Weapons
  6277 | D:7      | You pick up a book of Callings and begin reading...
  6277 | D:7      | You add the spells Call Canine Familiar and Summon
                  | Blazeheart Golem to your library.
  6349 | D:7      | HP: 14/77 [wight/+0 battleaxe (13)]
  6660 | D:8      | Noticed a hornet
  6821 | D:8      | Reached *** piety under Cheibriados
  7039 | D:8      | Reached skill level 9 in Fighting
  7059 | D:8      | HP: 31/124 [poisoned by an orc]
  7061 | D:8      | Reached skill level 9 in Ranged Weapons
  7061 | D:8      | Reached XP level 10. HP: 31/91 MP: 10/10
  7066 | D:8      | HP: 17/91 [something/magic dart (5)]
  7080 | D:8      | HP: 19/91 [bullfrog (5)]
  7285 | D:8      | Found a staircase to the Lair.
  7592 | D:8      | Found a blossoming altar of Fedhas.
  8013 | D:8      | Found a shimmering blue altar of Sif Muna.
  8013 | D:8      | Found a hazy altar of Hepliaklqana.
  8013 | D:8      | Found an iron altar of Okawaru.
  8367 | D:9      | Found Himmiola's Assorted Antiques.
  8395 | D:9      | Reached skill level 10 in Fighting
  8545 | D:9      | Bought a scroll of identify for 54 gold pieces
  8545 | D:9      | Bought a scroll of identify for 54 gold pieces
  8545 | D:9      | Bought an emerald potion for 24 gold pieces
  8560 | D:9      | Noticed a kobold demonologist
  8567 | D:9      | Noticed a kobold demonologist
  8570 | D:9      | Killed a kobold demonologist
  8571 | D:9      | Reached skill level 10 in Ranged Weapons
  8578 | D:9      | Killed a kobold demonologist
  8642 | D:9      | Reached **** piety under Cheibriados
  8855 | D:9      | Identified the +7 falchion "Qibbithi" {heavy, Will+ rCorr
                  | Str-4}
  8986 | D:9      | Noticed a cyclops
  9098 | D:9      | Killed a cyclops
  9099 | D:9      | Reached skill level 1 in Invocations
  9103 | D:9      | Found a sparkling altar of Nemelex Xobeh.
  9109 | D:9      | Found an ornate altar of the Wu Jian Council.
  9114 | D:9      | Found a broken altar of Ashenzari.
  9128 | D:9      | Reached skill level 11 in Ranged Weapons
  9233 | D:9      | Found a staircase to the Orcish Mines.
  9381 | D:9      | Reached skill level 2 in Invocations
  9433 | D:9      | Noticed a kobold demonologist
  9442 | D:9      | Killed a kobold demonologist
  9443 | D:9      | Reached XP level 11. HP: 97/99 MP: 11/13
  9721 | D:9      | Reached skill level 3 in Invocations
 10118 | D:10     | Entered Level 10 of the Dungeon
 10240 | D:10     | Noticed a two-headed ogre
 10244 | D:10     | Killed a two-headed ogre
 10245 | D:10     | Reached skill level 1 in Armour
 10405 | D:10     | Reached skill level 4 in Invocations
 10416 | D:10     | HP: 14/94 [wight/+4 halberd (12)]
 10714 | D:10     | HP: 16/94 [something (9)]
 10715 | D:10     | HP: 3/94 [something (6)]
 10715 | D:10     | Slain by a vampire

Vanquished Creatures
  A two-headed ogre (D:10)
  Pikel (D:6)
  A cyclops (D:9)
  3 kobold demonologists (D:9)
  A troll (D:9)
  2 hornets
  11 yaks (D:9)
  A steam dragon (D:8)
  A water moccasin (D:8)
  6 black bears
  An orc warrior (D:9)
  2 ogres (D:7)
  A centaur (D:7)
  3 lemures (D:6)
  A phantom (D:4)
  4 kobold brigands
  A gnoll sergeant (D:7)
  7 bullfrogs
  6 scorpions
  8 wights
  6 killer bees (D:10)
  3 electric eels (D:9)
  3 orc priests
  3 hounds
  3 gnoll boudas
  5 iguanas
  10 orc wizards
  2 sleepcaps
  Natasha (twice) (D:3)
  24 gnolls
  7 adders
  2 shadow imps
  A white imp (D:7)
  32 orcs
  7 endoplasms
  6 giant cockroaches
  5 goblins
  5 hobgoblins
  15 kobolds
  6 quokkas
  5 ball pythons
  8 bats
  2 frilled lizards
  2 goblin zombies (D:4)
  7 rats
233 creatures vanquished.

Table legend:
 A = Non-vault XP
 B = Vault XP
 C = Vault XP percentage of total XP
 D = Non-vault monster count
 E = Vault monster count
 F = Vault count percentage of total count
                 A         B        C        D         E       F
            +---------+---------+-------+---------+---------+-------
      Total |    9536 |    2772 |  22.5 |     196 |      34 |  14.8
            +---------+---------+-------+---------+---------+-------
        D:1 |      33 |       4 |  10.8 |      20 |       2 |   9.1
        D:2 |      65 |       5 |   7.1 |      19 |       3 |  13.6
        D:3 |     178 |      40 |  18.3 |       8 |       4 |  33.3
        D:4 |     342 |       2 |   0.6 |      15 |       2 |  11.8
        D:5 |     750 |       0 |   0.0 |      23 |       0 |   0.0
        D:6 |     400 |     607 |  60.3 |      14 |       1 |   6.7
        D:7 |    1482 |       0 |   0.0 |      32 |       0 |   0.0
        D:8 |     707 |     906 |  56.2 |      15 |       8 |  34.8
        D:9 |    4120 |    1208 |  22.7 |      36 |      14 |  28.0
       D:10 |    1459 |       0 |   0.0 |      14 |       0 |   0.0
            +---------+---------+-------+---------+---------+-------

Skill      XL: |  1  2  3  4  5  6  7  8  9 10 11 |
---------------+----------------------------------+-----
Stealth        | 1 2 3 4 5 |  5.0
Ranged Weapons | 4 5 7 9 11 | 11.7
Fighting       | 3 4 5 7 9 10 | 10.0
Invocations    | 2 4 |  4.0
Armour         | 1 |  1.6
Dodging        | |  1.7

Action                     |  1- 3 |  4- 6 |  7- 9 | 10-12 || total
---------------------------+-------+-------+-------+-------++-------
  Melee: Sling             |       |       |    32 |     8 ||    40
   Fire: Sling             |   152 |   202 |   648 |   552 ||  1554
 Invoke: Bend Time         |       |       |       |     2 ||     2
  Evoke: Wand              |       |     2 |     4 |     8 ||    14
    Use: Scroll            |     4 |     5 |     2 |     6 ||    17
         Potion            |     1 |     2 |     5 |     2 ||    10
 Armour: Leather armour    |     7 |    45 |   135 |     9 ||   196
         Steam dragon scal |       |       |       |    51 ||    51
         Troll leather arm |       |       |       |    27 ||    27
         Plate armour      |       |       |       |    76 ||    76
  Dodge: Dodged            |    10 |    24 |    97 |   109 ||   240

Illustrated notes

Table legend:
 A = Kills in this place as a percentage of kills in the entire game.
 B = Kills by you in this place as a percentage of kills by you in the entire game.
 C = Kills by friends in this place as a percentage of kills by friends in the entire game.
 D = Other kills in this place as a percentage of other kills in the entire game.
 E = Experience gained in this place as a percentage of experience gained in the entire game.
 F = Experience gained in this place divided by the number of levels of this place that you have seen.
                   A       B       C       D       E      F
               +-------+-------+-------+-------+-------+----------------------
         Total | 100.0 | 100.0 |   N/A |   N/A | 100.0 | 1118.9
       Dungeon | 100.0 | 100.0 |   N/A |   N/A | 100.0 | 1230.8
               +-------+-------+-------+-------+-------+----------------------

Table legend: (Time is in decaauts)
 A = Elapsed time spent in this place.
 B = Non-inter-level travel time spent in this place.
 C = Inter-level travel time spent in this place.
 D = Time resting spent in this place.
 E = Time spent auto-exploring this place.
 F = Levels seen in this place.
 G = Mean time per level.
                   A        B        C        D        E       F      G
               +--------+--------+--------+--------+--------+-----+--------+
         Total |  13327 |  12524 |    803 |    777 |  10100 |  11 | 1211.5 |
       Dungeon |  13269 |  12484 |    785 |    777 |  10100 |  10 | 1326.9 |
        Temple |     57 |     40 |     17 |      0 |      0 |   1 |   57.0 |
               +--------+--------+--------+--------+--------+-----+--------+

Top non-repeatable levels by time:
     D:9: 2746 daAuts
     D:8: 2418 daAuts
     D:6: 1992 daAuts
     D:4: 1255 daAuts
     D:7: 1101 daAuts
     D:5: 921 daAuts
     D:2: 779 daAuts
     D:3: 702 daAuts
     D:1: 699 daAuts
    D:10: 653 daAuts
  Temple: 57 daAuts
